 Dungeon Crawl Stone Soup version 0.20-a0-864-g92acfd1 (console) character file.

111 hittembot the Shield-Bearer (level 5, -1/42 HPs)
             Began as a Formicid Fighter on Mar 12, 2017.
             Slain by an ogre
             ... wielding a +0 giant club
              (24 damage)
             ... on level 3 of the Dungeon.
             The game lasted 00:02:23 (2276 turns).

hittembot the Shield-Bearer (Formicid Fighter)      Turns: 2276, Time: 00:02:24

Health: -1/42      AC:  7    Str: 21    XL:     5   Next: 15%
Magic:  5/5        EV:  8    Int:  8    God:
Gold:   121        SH:  9    Dex: 10    Spells: 4/4 levels left

rFire    . . .     SeeInvis +   a - +0 quarterstaff
rCold    . . .     Gourm    .   b - +0 scale mail
rNeg     . . .     Faith    .   c - +0 shield
rPois    .         Spirit   .   (helmet unavailable)
rElec    .         Reflect  .   (no cloak)
rCorr    .         Harm     .   (no gloves)
MR       .....                  (no boots)
Stlth    ..........             (no amulet)
Regen    0.2/turn               (no ring)
MPRegen  0.1/turn               (no ring)

@: no status effects
A: permanent stasis, dig shafts and tunnels, four strong arms, antennae 3
a: Dig, Shaft Self


You were on level 3 of the Dungeon.
You were not hungry.

You visited 1 branch of the dungeon, and saw 3 of its levels.

You collected 121 gold pieces.

Inventory:

Hand Weapons
 a - a +0 quarterstaff (weapon)
Armour
 b - a +0 scale mail (worn)
 c - a +0 shield (worn)
Scrolls
 e - 2 scrolls of identify {unknown}
 h - a scroll of magic mapping {unknown}
 i - a scroll of immolation {unknown}
 m - a scroll of fear {unknown}
Potions
 d - a potion of might
 j - a potion of haste {unknown}
 k - a potion of lignification {unknown}
 l - a potion of flight {unknown}
 n - a potion of brilliance {unknown}
 o - 2 potions of cancellation {unknown}
Comestibles
 f - 2 bread rations
 g - 3 chunks of flesh
 p - 3 fruits
 q - a meat ration


   Skills:
 + Level 4.0 Fighting
 + Level 3.4 Staves
 + Level 3.8 Armour
 + Level 0.5 Dodging
 + Level 0.3 Stealth
 + Level 4.3 Shields


You had 4 spell levels left.
You didn't know any spells.

Dungeon Overview and Level Annotations

Branches:
Dungeon (3/15)

Altars:


Innate Abilities, Weirdness & Mutations

You cannot be hasted, slowed, berserked, paralysed or teleported.
You can dig through walls and to a lower floor.
Your four strong arms can wield two-handed weapons with a shield.
You have a pair of large antennae on your head. (SInv)


Message History

No target in view!
There is an escape hatch in the ceiling here.
You sense a monster nearby.
Found a stone staircase leading down.
You sense a monster nearby.
An ogre comes into view. It is wielding a giant club.
The ogre shouts!
An ogre is nearby!
The ogre hits you with a giant club!
You hit the ogre but do no damage. You block the ogre's attack.
You barely miss the ogre. The ogre closely misses you.
You hit the ogre.
The ogre is lightly wounded.
The ogre hits you with a giant club!
A dart slug comes into view.
You hit the ogre.
The ogre is moderately wounded.
The ogre hits you with a giant club!!
Ouch! That really hurt!
You die...

..# #.##.#.#.#.# #.#.
#.##...#.#.# #.#.
#.####...#.# w. #.#
#.....### ###.#
#.####>#......
....####......#.#..##
#....#####..##.##.##
#.O.# #...#♣♣♣♣♣♣♣# {
{#.@.###.#.♣
##...##.#♣♣ {
#...##.# {
{#...#..#♣♣
##......>♣ ♣♣ { {
#....#### ♣. {
+.#...# #. { #.##....
#. #....#..# ##


You could see an ogre and a dart slug.

Vanquished Creatures
  Jessica (D:3)
  2 adders
  An ooze (D:1)
  A worm (D:3)
  A dart slug (D:3)
  3 leopard geckos
  5 bats
  2 giant cockroaches (D:1)
  7 goblins
  6 hobgoblins
  8 jackals (D:1)
  A quokka (D:2)
  A ball python (D:3)
  5 frilled lizards
  4 kobolds (D:1)
  7 rats
55 creatures vanquished.

Notes
Turn   | Place    | Note
-------+----------+-------------------------------------------
     0 | D:1      | hittembot the Formicid Fighter began the quest for the Orb.
     0 | D:1      | Reached XP level 1. HP: 18/18 MP: 1/1
   156 | D:1      | Reached XP level 2. HP: 24/24 MP: 2/2
   560 | D:1      | Reached XP level 3. HP: 30/30 MP: 3/3
  1222 | D:2      | Reached XP level 4. HP: 29/37 MP: 4/4
  1823 | D:2      | You fall through a shaft!
  1825 | D:3      | Noticed Jessica
  1828 | D:3      | Killed Jessica
  1922 | D:3      | Reached XP level 5. HP: 27/42 MP: 5/5
  2269 | D:3      | Noticed an ogre
  2276 | D:3      | Slain by an ogre

Vault maps used:
D:1:      dpeg_arrival_shelter, minmay_split_cup_small
D:2:      lemuel_coloured_pillars_altar
D:3:      good_gods_temple_1, minmay_divided_ellipse, uniq_jessica

Skill      XL: |  1  2  3  4  5 |
---------------+----------------+-----
Shields        | 4 |  4.3
Staves         | 3 |  3.4
Fighting       | 4 |  4.0
Armour         | |  3.8
Dodging        | |  0.5
Stealth        | |  0.3

Action                   |  1- 3 |  4- 6 || total
-------------------------+-------+-------++-------
Melee: Quarterstaff      |   137 |    67 ||   204
  Eat: Chunk             |     1 |     4 ||     5
Armor: Scale mail        |    74 |    20 ||    94
Dodge: Dodged            |    53 |    26 ||    79
Block: Shield            |    79 |    33 ||   112
